[Event "Team 45 45 League T97"]
[Site "Internet Chess Club"]
[Date "2023.09.29"]
[Round "8"]
[White "Pawnchain"]
[Black "Constrictor"]
[Result "0-1"]
[WhiteElo "1377"]
[BlackElo "1434"]
[Opening "Queen's pawn game, Darooha variation "]
[ECO "D02"]
[Time "16:06:31"]
[PlyCount "22"]
[TimeControl "2700+45"]

1. d4 Nf6 2. Nf3 d5 3. Nc3 Bg4 4. Bf4 e6 5. Ne5 Bh5 6. f3 Bb4 7. e3 c6 8. Bd3
Qa5 9. O-O Nbd7 10. Qe1 Bg6 11. a3 Bd6 {White forfeits on time} 0-1

[Event "Team 45 45 League T97"]
[Site "Internet Chess Club"]
[Date "2023.10.01"]
[Round "8"]
[White "olivermx"]
[Black "PsyMar"]
[Result "1-0"]
[WhiteElo "1351"]
[BlackElo "1326"]
[Opening "Ruy Lopez: Schliemann defense, Berger variation"]
[ECO "C63"]
[Time "13:01:02"]
[PlyCount "61"]
[TimeControl "2700+45"]

1. e4 e5 2. Nf3 Nc6 3. Bb5 f5 4. Nc3 fxe4 5. Nxe4 d5 6. Ng3 Bg4 7. h3 Bd7 8. d3
Bc5 9. O-O Nf6 10. Re1 e4 11. dxe4 d4 12. Bd2 O-O 13. Bd3 Be6 14. Qb1 Nb4 15.
Be2 Qd7 16. a3 Nc6 17. Bd3 Qe7 18. b4 Bb6 19. b5 Na5 20. Bb4 Qd8 21. Bxf8 Qxf8
22. Ne2 Nc4 23. Bxc4 Bxc4 24. Nexd4 Re8 25. c3 a6 26. a4 Ba5 27. Qc2 c5 28. Nb3
Bc7 29. Nbd2 axb5 30. axb5 Bxb5 31. Qb3+ {Black resigns} 1-0

[Event "Team 45 45 League T97"]
[Site "Internet Chess Club"]
[Date "2023.09.29"]
[Round "8"]
[White "Dwilkes"]
[Black "Balderdash"]
[Result "1-0"]
[WhiteElo "1099"]
[BlackElo "1140"]
[Opening "QGD: Marshall defense"]
[ECO "D06"]
[Time "10:00:39"]
[PlyCount "103"]
[TimeControl "2700+45"]

1. d4 d5 2. c4 Nf6 3. Nf3 Nc6 4. g3 Bg4 5. Bg2 e5 6. dxe5 Bxf3 7. Bxf3 Nxe5 8.
Bg2 Nxc4 9. Bg5 Bb4+ 10. Nc3 d4 11. Qa4+ c6 12. Qxb4 b5 13. Bxc6+ Nd7 14. Bf6
Qxf6 15. Bxd7+ Kxd7 16. Qxb5+ Qc6 17. Qf5+ Qe6 18. Qb5+ Ke7 19. Nd5+ Kf8 20.
Qc5+ Nd6 21. Nc7 Qd7 22. Nxa8 Ke7 23. O-O Rxa8 24. Rad1 Rc8 25. Qe5+ Qe6 26.
Qxg7 Nf5 27. Qxh7 Qg6 28. Qxg6 fxg6 29. Rc1 Rd8 30. Rc7+ Kd6 31. Rxa7 Ke6 32.
Rd1 Rd5 33. Ra6+ Nd6 34. a4 g5 35. a5 Ke5 36. Ra8 g4 37. a6 Ke6 38. a7 Nb5 39.
Re8+ Kf7 40. Rf8+ Ke7 41. a8=Q Kd6 42. Rd8+ Kc5 43. Qxd5+ Kb4 44. Rxd4+ Nxd4 45.
Qxd4+ Kb3 46. Qc3+ Ka2 47. Qc4+ Kb1 48. Rd1+ Kxb2 49. Rd2+ Ka3 50. Rd3+ Kb2 51.
Rb3+ Ka2 52. Qa4# {Black checkmated} 1-0